 Dungeon Crawl Stone Soup version 0.25-a0-302-g9f758675c1 (webtiles) character file.

Game seed: 15939610738170336320, levelgen mode: deterministic

161 DerDa the Magician (level 5, -2/35 HPs)
             Began as a Mummy Fire Elementalist on Dec 20, 2019.
             Slain by an orc
             ... wielding a +0 hand axe
              (7 damage)
             ... on level 2 of the Dungeon.
             The game lasted 00:07:37 (1468 turns).

DerDa the Magician (Mummy Fire Elementalist)        Turns: 1468, Time: 00:07:38

Health: -2/35      AC:  2    Str: 11    XL:     5   Next: 18%
Magic:  10/13      EV: 12    Int: 15    God:
Gold:   39         SH:  0    Dex: 13    Spells: 14/15 levels left

rFire    . . .     SeeInvis .   q - +0 quarterstaff
rCold    + . .     Gourm    .   (shield currently unavailable)
rNeg     + + +     Faith    .   a - +0 robe
rPois    ∞         Spirit   .   (no helmet)
rElec    .         Reflect  .   o - scarf {cloud immunity}
rCorr    .         Harm     .   (no gloves)
MR       .....                  (no boots)
Stlth    ++........             e - amulet of magic regeneration
HPRegen  0.11/turn              d - ring of fire
MPRegen  0.38/turn              m - ring of protection from cold

@: very slightly contaminated
A: no food or potions, fire vulnerability, cold resistance 1, negative energy
resistance 3, torment resistance, unbreathing
a: no special abilities


You were on level 2 of the Dungeon.
You were not hungry.

You visited 1 branch of the dungeon, and saw 3 of its levels.

You collected 39 gold pieces.

Inventory:

Hand Weapons
 i - a +0 short sword
 q - a +0 quarterstaff (weapon)
Missiles
 c - 24 stones (quivered)
 p - 15 bolts
Armour
 a - a +0 robe (worn)
 o - a scarf of cloud immunity (worn)
Jewellery
 d - a ring of fire (left hand)
 e - an amulet of magic regeneration (around neck)
 g - an uncursed ring of poison resistance
 m - a ring of protection from cold (right hand)
 n - an uncursed amulet of guardian spirit
Scrolls
 b - a scroll of teleportation {unknown}
 f - 3 scrolls of remove curse {unknown}
 h - a scroll of noise {unknown}
 j - a scroll of amnesia {unknown}
 k - a scroll of identify {unknown}
 l - 2 scrolls of random uselessness {unknown}
 r - a scroll of enchant armour {unknown}


   Skills:
 - Level 1.5 Dodging
 - Level 1.5 Stealth
 * Level 5.7 Spellcasting
 + Level 2.3 Conjurations
 - Level 2.4 Fire Magic


You had 14 spell levels left.
You knew the following spells:

 Your Spells              Type           Power        Failure   Level  Hunger
a - Foxfire               Conj/Fire      ###.         6%          1    N/A

Your spell library contained the following spells:

 Spells                   Type           Power        Failure   Level  Hunger
 Conjure Flame            Conj/Fire      ###.....     17%         3    N/A
 Inner Flame              Hex/Fire       ##......     28%         3    N/A
 Sticky Flame             Conj/Fire      ###.....     50%         4    N/A
 Fireball                 Conj/Fire      ###.......   85%         5    N/A

Dungeon Overview and Level Annotations

Branches:
Dungeon (3/15)

Altars:
Zin


Innate Abilities, Weirdness & Mutations

You do not eat or drink.
Your flesh is vulnerable to fire.
You are immune to poison.
Your flesh is cold resistant. (rC+)
You are immune to negative energy. (rN+++)
You are immune to unholy pain and torment.
You can survive without breathing.


Message History

You feel a surge of power!
Nothing appears to happen.
The adder closely misses you.
Casting: Foxfire (safe; 6% risk of failure)
Confirm with . or Enter, or press ? or * to list all spells.
You feel a surge of power!
Nothing appears to happen.
The orc hits you with a +0 mace. The adder bites you.
The orc wizard casts a spell.
The orc wizard seems to speed up.
Unknown command.
The adder bites you. The orc hits you with a +0 hand axe.
* * * LOW HITPOINT WARNING * * *
The adder closely misses you.
You climb upwards.
There is a stone staircase leading down here.
Casting: Foxfire (safe; 6% risk of failure)
Confirm with . or Enter, or press ? or * to list all spells.
You feel a surge of power!
You conjure some foxfire!
The adder bites you.
* * * LOW HITPOINT WARNING * * *
The orc hits you with a +0 hand axe!
You die...

#..## #...#..## ##..#
#.####..## ##.# #.#####..#
#.### ##.#......### #...#
######..#........## ###.#
#......#####.).#..# #.##
###.##..## ##..##.# #..#
###..oSv### #####..##.# ##
##)####...##@####
#...#...#.. .#
#%.....##..v###..#...#...##.
.#
######..#....##.?#._.'.#....
.# #...#######?.#...####...
.# #.#.## #...# #.... .#
##.#..####### ##### #.... .#
#..##.##....### #.... .#
###.###.........##### ##...
.# ####...# ##.>..........##
##..


You could see an adder and an orc.

Vanquished Creatures
  An ogre (D:2)
  A worker ant zombie (D:2)
  2 adders (D:2)
  A worm (D:2)
  A dart slug (D:1)
  A giant cockroach (D:1)
  4 goblins
  8 hobgoblins
  4 jackals (D:1)
  A ball python (D:1)
  5 bats
  3 frilled lizards
  7 kobolds
  5 rats
44 creatures vanquished.

Vanquished Creatures (others)
  118 foxfires
118 creatures vanquished.

Grand Total: 162 creatures vanquished

Notes
Turn   | Place    | Note
-------+----------+-------------------------------------------
     0 | D:1      | DerDa the Mummy Fire Elementalist began the quest for the
                  | Orb.
     0 | D:1      | Reached XP level 1. HP: 13/13 MP: 4/4
   120 | D:1      | Reached skill level 3 in Spellcasting
   120 | D:1      | Reached skill level 1 in Conjurations
   191 | D:1      | Reached XP level 2. HP: 12/19 MP: 0/6
  1028 | D:2      | Noticed an ogre
  1037 | D:2      | Killed an ogre
  1037 | D:2      | Reached skill level 5 in Spellcasting
  1037 | D:2      | Reached XP level 3. HP: 24/24 MP: 0/9
  1037 | D:2      | Reached XP level 4. HP: 30/30 MP: 0/11
  1159 | D:2      | Found a glowing silver altar of Zin.
  1330 | D:2      | Reached XP level 5. HP: 35/35 MP: 11/13
  1468 | D:2      | Slain by an orc

Levels and vault maps discovered:
D:1:      tarquinn_simple_flora_water_a, layout_basic
D:2:      layout_rooms, zin_scriptorium
D:3:      layout_basic, minmay_misc_feat_square, minivault_24,
          nemelex_altar_shiori

Skill      XL: |  1  2 |
---------------+-------+-----
Spellcasting   | 3 5 |  5.7
Conjurations   | 1 2 |  2.3
Dodging        | |  1.5
Stealth        | |  1.5
Fire Magic     | |  2.4

Action                   |  1- 3 |  4- 6 || total
-------------------------+-------+-------++-------
 Cast: Foxfire           |    36 |    38 ||    74
Armor: Robe              |     7 |     2 ||     9
Dodge: Dodged            |    24 |    12 ||    36

Table legend:
 A = Non-vault XP
 B = Vault XP
 C = Vault XP percentage of total XP
 D = Non-vault monster count
 E = Vault monster count
 F = Vault count percentage of total count
                 A         B        C        D         E       F
            +---------+---------+-------+---------+---------+-------
      Total |     230 |       0 |   0.0 |      44 |       0 |   0.0
            +---------+---------+-------+---------+---------+-------
        D:1 |      36 |       0 |   0.0 |      22 |       0 |   0.0
        D:2 |     194 |       0 |   0.0 |      22 |       0 |   0.0
            +---------+---------+-------+---------+---------+-------
